 Dungeon Crawl Stone Soup version 0.21.1-1-g345015fe64 (webtiles) character file.

6688 Peloso the Carver (level 10, -2/89 HPs)
             Began as a Minotaur Fighter on June 28, 2018.
             Was a Priest of Okawaru.
             Slain by Snorg (16 damage)
             ... on level 9 of the Dungeon.
             The game lasted 00:23:29 (9441 turns).

Peloso the Carver (Minotaur Fighter)                Turns: 9441, Time: 00:23:29

Health: -2/89      AC: 16    Str: 22    XL:     10   Next: 73%
Magic:  9/9        EV:  6    Int:  5    God:    Okawaru [***...]
Gold:   670        SH: 13    Dex: 15    Spells: 9/9 levels left

rFire    . . .     SeeInvis .   v - +10 demon trident "Hacileduni" {flame, Dex+3}
rCold    . . .     Gourm    .   c - +1 shield
rNeg     . . .     Faith    .   b - +0 plate armour
rPois    .         Spirit   .   (helmet restricted)
rElec    .         Reflect  .   (no cloak)
rCorr    .         Harm     .   q - +1 pair of gloves
MR       .....                  (no boots)
Stlth    ..........             (no amulet)
HPRegen  0.24/turn              (no ring)
MPRegen  0.11/turn              (no ring)

@: drained
A: retaliatory headbutt, horns 2
a: Heroism, Renounce Religion


You were on level 9 of the Dungeon.
You worshipped Okawaru.
Okawaru was most pleased with you.
You were very hungry.

You visited 3 branches of the dungeon, and saw 12 of its levels.
You also visited: Ossuary.

You collected 670 gold pieces.

Inventory:

Hand Weapons
 a - a +1 long sword
 j - the +5 dagger of Contradiction {pierce, rN+ Str+6 Int+3}
   (You found it on level 6 of the Dungeon)

   It inflicts extra damage upon your enemies.
   It affects your strength (+6).
   It affects your intelligence (+3).
   It protects you from negative energy.
 v - the +10 demon trident "Hacileduni" (weapon) {flame, Dex+3}
   (You found it on level 9 of the Dungeon)

   It has been specially enchanted to burn those struck by it, causing extra
   injury to most foes and up to half again as much damage against particularly
   susceptible opponents.
   It affects your dexterity (+3).
Missiles
 C - 26 bolts
Armour
 b - a +0 plate armour (worn)
 c - a +1 shield (worn)
 q - a +1 pair of gloves (worn)
Jewellery
 d - the ring "Wekhen" {rCorr rF- MR+ Str+2 Slay+3, unknown}
   (You took it off a gnoll on level 9 of the Dungeon)

   [ring of resist corrosion]

   It affects your strength (+2).
   It affects your accuracy and damage with ranged weapons and melee attacks
   (+3).
   It makes you vulnerable to fire.
   It affects your resistance to hostile enchantments.
 g - the amulet of the Air {Inacc +Fly rElec EV+5 RMsl}
   (You found it on level 6 of the Dungeon)

   [amulet of inaccuracy]

   It reduces the accuracy of all your attacks.
   It affects your evasion (+5).
   It insulates you from electricity.
   It lets you fly.
   It protects you from missiles.
 F - an uncursed amulet of harm
Wands
 l - a wand of paralysis (18)
 w - a wand of random effects (5)
Scrolls
 h - 2 scrolls of enchant weapon
 i - a scroll of fog
 n - 9 scrolls of teleportation
 r - 3 scrolls of remove curse
 t - a scroll of holy word
 y - a scroll of magic mapping
 A - 2 scrolls of amnesia
 D - a scroll of silence {unknown}
 E - a scroll of blinking
 H - a scroll of vulnerability {unknown}
 I - a scroll of identify
Potions
 k - 4 potions of heal wounds
 m - 3 potions of invisibility
 o - 2 potions of ambrosia
 p - 7 potions of curing
 s - a potion of berserk rage
 u - a potion of magic
 x - a potion of mutation {unknown}
 z - 2 potions of agility
 B - a potion of lignification {unknown}
Books
 e - a book of Cantrips

   Spells                             Type                      Level
   a - Confusing Touch                Hexes                        1
   b - Animate Skeleton               Necromancy                   1
   c - Summon Small Mammal            Summoning                    1
   d - Apportation                    Translocation                1
 G - a book of Misfortune

   Spells                             Type                      Level
   a - Confusing Touch                Hexes                        1
   b - Confuse                        Hexes                        3
   c - Gell's Gravitas                Translocation                3
   d - Petrify                        Transmutation/Earth          4
   e - Metabolic Englaciation         Hexes/Ice                    5
   f - Yara's Violent Unravelling     Hexes/Transmutation          5
 J - a book of Power

   Spells                             Type                      Level
   a - Iskenderun's Battlesphere      Conjuration/Charms           5
   b - Venom Bolt                     Conjuration/Poison           5
   c - Bolt of Magma                  Conjuration/Fire/Earth       5
   d - Iron Shot                      Conjuration/Earth            6
   e - Orb of Destruction             Conjuration                  7
   f - Spellforged Servitor           Conjuration/Summoning        7
Comestibles
 f - 24 rations


   Skills:
 + Level 8.3(8.0) Fighting
 + Level 12.3(12.1) Long Blades
 + Level 0.8(0.6) Polearms
 + Level 9.2(9.0) Armour
 + Level 1.5(1.3) Dodging
 + Level 1.0(0.8) Stealth
 + Level 10.3(10.0) Shields
 + Level 1.1(0.9) Evocations


You had 9 spell levels left.
You didn't know any spells.

Dungeon Overview and Level Annotations

Branches:
Dungeon (10/15)            Temple (1/1) D:5            Lair (1/6) D:9
    Orc (0/2) D:10

Altars:
Ashenzari
Cheibriados
Dithmenos
Elyvilon
Fedhas
Hepliaklqana
Kikubaaqudgha
Makhleb
Nemelex Xobeh
Okawaru
Qazlal
Ru
Sif Muna
Uskayaw
Vehumet
Wu Jian
Xom
Yredelemnul
Zin
The Shining One

Shops:
D:4 [   D:6 (   D:7 *   D:9 *   D:10 (

Annotations:
D:9 Snorg


Innate Abilities, Weirdness & Mutations

You reflexively headbutt those who attack you in melee.
You have a pair of horns on your head.


Message History

You block the orc warrior's attack.
There is an open door here.
Snorg rages.
You block Snorg's attack. x2; Snorg claws you!
Snorg barely misses you. You furiously retaliate!
You headbutt Snorg. You block Snorg's attack.
Snorg claws you but does no damage.
You puncture Snorg! You burn Snorg! You headbutt Snorg!
Snorg is moderately wounded.
You block Snorg's attack. Snorg completely misses you. Snorg claws you.
Snorg bites you. You block Snorg's attack. x2
You hit Snorg. You burn Snorg. You headbutt Snorg!
Snorg is heavily wounded.
You block Snorg's attack. Snorg claws you but does no damage. x2
Snorg bites you! Snorg claws you! Snorg claws you.
You hit Snorg. You burn Snorg. You headbutt Snorg.
Snorg is heavily wounded.
Snorg bites you!
* * * LOW HITPOINT WARNING * * *
Snorg claws you!
You die...

#.......###### #.......#
##+###### #.......# #.#
####'#### #.# #..# #.# #.##
#.# #.# #.# ####'######
#.#############>........#
######..........@To'.........#
.........###########.........#
######.#..# #.........#
######.##.####### #.........#
.....≈..........# #.........#
(.......≈..≈....# #.........#
≈..≈≈.≈≈≈..≈....# #.........#
≈≈≈≈(≈≈≈≈≈≈≈....# ##'########
≈≈≈≈≈..≈≈≈≈.≈...# #....#


You could see Snorg (berserk) and an orc warrior.

Vanquished Creatures
  A kobold demonologist (D:9)
  The ghost of loran1212 the Shield-Bearer, an amateur DDFi (D:4)
  A troll (D:9)
  A vampire (D:7)
  4 yaks (D:8)
  Eustachio (D:5)
  A water moccasin (D:7)
  An ice beast (D:6)
  2 phantoms
  2 sky beasts
  A hornet zombie (D:6)
  2 orc warriors (D:9)
  3 black bears
  2 wolves (D:9)
  4 ogres
  4 centaurs
  A crocodile (Lair:1)
  10 big kobolds (D:9)
  2 bullfrogs (D:9)
  2 scorpions
  3 howler monkeys (D:8)
  2 electric eels (D:9)
  7 crimson imps
  9 hounds
  5 centaur zombies (Ossuary)
  3 jellies
  9 orc wizards
  10 orc priests
  2 bullfrog skeletons
  2 centaur skeletons
  4 iguanas
  7 worker ants
  3 big kobold zombies (Ossuary)
  3 hound skeletons
  4 mummies (Ossuary)
  A worker ant zombie (D:8)
  4 gnolls
  A howler monkey skeleton (D:9)
  5 adders
  A shadow imp (D:6)
  3 worms
  2 dart slugs
  5 leopard geckos
  24 orcs
  13 bats
  3 giant cockroaches
  7 goblins
  9 hobgoblins
  8 jackals
  23 kobolds
  5 quokkas
  A ball python (D:1)
  4 frilled lizards
  A hobgoblin zombie (Ossuary)
  A leopard gecko skeleton (D:4)
  9 rats
  A fungus (D:1)
  A plant (D:1)
251 creatures vanquished.

Vanquished Creatures (others)
  A quokka (D:4)
  A fungus (Lair:1)
2 creatures vanquished.

Grand Total: 253 creatures vanquished

Notes
Turn   | Place    | Note
-------+----------+-------------------------------------------
     0 | D:1      | Peloso the Minotaur Fighter began the quest for the Orb.
     0 | D:1      | Reached XP level 1. HP: 19/19 MP: 0/0
    59 | D:1      | Reached XP level 2. HP: 7/27 MP: 1/1
   430 | D:1      | Reached XP level 3. HP: 30/33 MP: 2/2
  1218 | D:2      | Reached skill level 5 in Shields
  1218 | D:2      | Reached XP level 4. HP: 36/40 MP: 3/3
  1227 | D:2      | Reached skill level 3 in Long Blades
  2081 | D:3      | Reached XP level 5. HP: 46/46 MP: 4/4
  2477 | D:3      | Found a burning altar of Makhleb.
  2477 | D:3      | Found a hazy altar of Hepliaklqana.
  2845 | D:4      | Found a white marble altar of Elyvilon.
  2919 | D:4      | Noticed loran1212's ghost (amateur DDFi)
  2942 | D:4      | Reached skill level 4 in Long Blades
  2949 | D:4      | Reached XP level 6. HP: 21/52 MP: 5/5
  3952 | D:4      | Found Xeexzol's Antique Armour Shop.
  3989 | D:4      | Reached skill level 5 in Long Blades
  4279 | D:4      | Killed loran1212's ghost
  4279 | D:4      | Reached skill level 6 in Long Blades
  4279 | D:4      | Reached skill level 5 in Armour
  4279 | D:4      | Reached XP level 7. HP: 54/60 MP: 6/6
  4292 | D:5      | Entered Level 5 of the Dungeon
  4293 | D:5      | You fall through a shaft!
  4320 | D:6      | Found the amulet of the Air {Inacc +Fly rElec EV+5 RMsl}
  4328 | D:6      | Reached skill level 5 in Fighting
  4393 | D:6      | Got a bloodstained dagger
  4433 | D:6      | Reached skill level 7 in Long Blades
  4477 | D:6      | Reached skill level 1 in Dodging
  4477 | D:6      | Reached XP level 8. HP: 42/68 MP: 7/7
  4517 | D:6      | Found a basalt altar of Yredelemnul.
  4517 | D:6      | Found a sand-covered staircase.
  4521 | D:6      | Reached skill level 8 in Long Blades
  4592 | Ossuary  | Entered an ossuary
  4817 | Ossuary  | Reached skill level 9 in Long Blades
  5035 | D:6      | Found Zuduujif's Weapon Boutique.
  5047 | D:6      | Reached skill level 1 in Stealth
  5062 | D:6      | Identified the +5 dagger of Contradiction {pierce, rN+ Str+6 Int+3} (You found it on level 6 of the Dungeon)
  5323 | D:6      | Reached XP level 9. HP: 56/75 MP: 8/8
  5478 | D:5      | Noticed Eustachio
  5543 | D:5      | Killed Eustachio
  5952 | D:5      | Found a staircase to the Ecumenical Temple.
  5959 | Temple   | Entered the Ecumenical Temple
  6041 | Temple   | Became a worshipper of Warmaster Okawaru
  6284 | D:7      | Reached skill level 10 in Long Blades
  6581 | D:7      | Found Eclem's Assorted Antiques.
  6658 | D:7      | Found a white marble altar of Elyvilon.
  6793 | D:7      | Reached * piety under Okawaru
  7756 | D:9      | Found Borihei's Assorted Antiques.
  7821 | D:8      | Reached skill level 11 in Long Blades
  7822 | D:8      | Reached XP level 10. HP: 76/86 MP: 9/9
  7828 | D:8      | Reached ** piety under Okawaru
  8467 | D:9      | Found a staircase to the Lair.
  8508 | D:9      | Reached *** piety under Okawaru
  8520 | D:9      | Reached skill level 10 in Shields
  8539 | D:9      | Reached skill level 12 in Long Blades
  8604 | D:9      | Reached skill level 1 in Evocations
  8612 | D:9      | Got a pitted demon trident
  8613 | D:9      | Identified the +10 demon trident "Hacileduni" {flame, Dex+3} (You found it on level 9 of the Dungeon)
  9030 | D:9      | Got a wavering copper ring
  9040 | Lair:1   | Entered Level 1 of the Lair of Beasts
  9061 | Lair:1   | Noticed an eight-headed hydra
  9425 | D:10     | Entered Level 10 of the Dungeon
  9425 | D:10     | Found Geujiukh's Weapon Shoppe.
  9425 | D:10     | Found a staircase to the Orcish Mines.
  9425 | D:10     | Noticed Snorg
  9430 | D:10     | Noticed an orc knight
  9441 | D:9      | Slain by Snorg

Skill      XL: |  1  2  3  4  5  6  7  8  9 10 |
---------------+-------------------------------+-----
Shields        | 4 5 6 7 9 10 | 10.3
Fighting       | 4 5 6 7 8 |  8.3
Armour         | 4 5 6 8 9 |  9.2
Long Blades    | 3 4 6 7 9 11 12 | 12.3
Dodging        | 1 |  1.5
Stealth        | 1 |  1.0
Evocations     | 1 |  1.1
Polearms       | |  0.8

Action                   |  1- 3 |  4- 6 |  7- 9 | 10-12 || total
-------------------------+-------+-------+-------+-------++-------
Melee: Long sword        |   146 |   194 |   372 |   197 ||   909
       Headbutt          |    22 |    46 |    92 |    49 ||   209
       Demon trident     |       |       |       |    26 ||    26
Invok: Heroism           |       |       |       |     1 ||     1
Evoke: Wand              |       |       |       |     8 ||     8
  Use: Scroll            |       |    13 |     7 |       ||    20
       Potion            |       |     1 |     1 |     1 ||     3
  Eat: Chunk             |     1 |     7 |    12 |     4 ||    24
       Ration            |       |     1 |       |       ||     1
Armor: Scale mail        |    19 |       |       |       ||    19
       Plate armour      |    79 |   115 |   168 |   104 ||   466
Dodge: Dodged            |    24 |    30 |    52 |    59 ||   165
Block: Shield            |    82 |   119 |   224 |   144 ||   569
       Rpst.: Long sword |     5 |    11 |    16 |    12 ||    44
